Map: Romanticide LE

Players

PoNinaBox

  • Race: Protoss Protoss
  • League: Master
  • Spawn Location: 5:00

Nordres - Winner!

  • Race: Zerg Zerg
  • League: Master
  • Spawn Location: 11:00

VOD

Have the link to the VOD?

Description

Time

  • Played on: Feb. 1, 2021, 4:26 p.m.
  • Length: 10:12
Show
View Real Time Build Order
Export as new Build Order

PoNinaBox Protoss 

Build Orders: Forge Fast Expand (FFE) 

Get SALT Encoding   

  12  0:00  Probe  
  13  0:13  Probe  
  14  0:20  Pylon  
  14  0:25  Probe  
  15  0:38  Forge, Probe (Chrono Boost)  
  16  0:48  Probe (Chrono Boost)  
  17  0:53  Probe (Chrono Boost)  
  18  1:14  Nexus  
  18  1:24  Gateway  
  18  1:38  Pylon  
  18  1:46  Pylon  
  18  1:58  Photon Cannon  
  18  1:59  Photon Cannon  
  18  2:03  Photon Cannon  
  18  2:08  Pylon  
  18  2:18  Photon Cannon  
  18  2:23  Assimilator  
  18  2:28  Assimilator  
  18  2:39  Cybernetics Core  
  18  2:42  Probe  
  19  2:47  Probe  
  20  2:54  Probe  
  21  2:59  Zealot (Chrono Boost), Probe  
  24  3:17  Shield Battery  
  24  3:29  Zealot (Chrono Boost)  
  26  3:46  Probe  
  27  3:51  Stalker (Chrono Boost)  
  29  4:01  Gateway  
  27  4:12  Stalker (Chrono Boost)  
  30  4:24  Probe x2  
  29  4:41  Stalker  
  29  4:44  Robotics Facility  
  31  4:45  Warp Gate (Chrono Boost)  
  31  4:53  Stalker  
  31  4:56  Probe  
  34  5:10  Probe  
  34  5:11  Stalker  
  37  5:23  Probe  
  37  5:25  Stalker  
  37  5:26  Probe  
  41  5:35  Probe  
  42  5:41  Stalker  
  40  5:55  Immortal  
  44  5:58  Pylon  
  44  5:59  Pylon  
  40  6:20  Pylon  
  40  6:22  Stalker x2  
  34  6:38  Probe  
  34  6:40  Immortal (Chrono Boost)  
  34  6:45  Probe (Chrono Boost)  
  39  6:50  Adept, Probe (Chrono Boost)  
  39  6:51  Adept  
  46  7:02  Probe (Chrono Boost)  
  46  7:03  Probe (Chrono Boost)  
  46  7:07  Probe (Chrono Boost)  
  47  7:21  Warp Prism (Chrono Boost)  
  43  7:23  Probe x2  
  47  7:30  Robotics Bay  
  47  7:33  Sentry  
  47  7:35  Probe  
  47  7:37  Sentry  
  52  7:42  Probe  
  53  7:47  Probe  
  54  8:05  Pylon x2  
  54  8:07  Pylon  
  54  8:16  Pylon  
  54  8:23  Observer (Chrono Boost), Probe x2  
  57  8:31  Assimilator  
  57  8:34  Assimilator  
  57  8:35  Probe x2  
  59  8:41  Colossus (Chrono Boost)  
  59  8:47  Probe x2  
  67  8:59  Probe, Nexus  
  67  9:01  Probe  
  69  9:13  Sentry x2  
  48  9:39  Stalker x2  
  48  9:40  Photon Cannon  
  55  9:54  Pylon  
Show
View Real Time Build Order
Export as new Build Order

Nordres Zerg - Winner!

Build Orders: Hatch First 

Get SALT Encoding   

  12  0:00  Drone  
  13  0:12  Overlord  
  13  0:17  Drone  
  14  0:30  Drone x2  
  16  0:51  Drone  
  16  0:53  Hatchery  
  16  0:54  Drone  
  17  0:59  Drone  
  18  1:08  Extractor  
  17  1:14  Spawning Pool  
  16  1:19  Drone x2  
  18  1:27  Drone  
  19  1:43  Extractor  
  19  1:44  Drone  
  20  1:54  Drone  
  20  2:07  Drone  
  21  2:08  Queen  
  21  2:09  Roach Warren  
  21  2:11  Overlord  
  22  2:23  Drone  
  23  2:51  Roach x2  
  29  2:52  Hatchery  
  28  3:03  Overlord x2  
  26  3:15  Roach x2  
  30  3:29  Roach x3  
  37  3:48  Hatchery  
  32  4:00  Ravager  
  31  4:08  Drone x2  
  30  4:12  Roach  
  30  4:13  Roach x2  
  34  4:31  Hatchery  
  34  4:40  Roach x4  
  34  4:41  Roach  
  42  4:45  Ravager  
  43  4:54  Roach  
  45  5:11  Ravager  
  43  5:23  Ravager  
  43  5:25  Ravager  
  43  5:27  Overlord x2  
  45  5:48  Roach  
  44  5:53  Ravager  
  44  5:54  Ravager x2  
  44  5:55  Ravager  
  44  5:56  Ravager  
  49  5:58  Roach x2  
  49  5:59  Roach  
  44  6:26  Roach x3  
  33  6:40  Roach x3  
  39  6:49  Ravager x3  
  39  6:52  Roach  
  39  6:54  Queen  
  44  6:55  Hatchery  
  45  7:05  Ravager  
  46  7:22  Roach x4  
  50  7:44  Ravager  
  50  7:46  Hatchery  
  50  7:51  Metabolic Boost  
  50  7:59  Zergling x8  
  50  8:02  Overlord x2  
  54  8:20  Ravager x2  
  54  8:21  Zergling x4  
  54  8:22  Zergling x4  
  60  8:48  Zergling x6  
  63  8:56  Zergling x6  
  66  9:12  Zergling x6  
  66  9:15  Ravager x4  
  66  9:34  Roach  
Tags
 
Add a new tag
Caveats
  • Supply blocks, unpowered buildings, or Contaminate may cause inaccurate times.
  • Supply counts are checked every 10 seconds.